 Dungeon Crawl Stone Soup version 0.27-a0-1590-g15f69828bf (webtiles) character file.

Game seed: 17710172837053078866

7 Sobieck the Sneak (level 2, -2/15 HPs)
             Began as a Vine Stalker Brigand on July 18, 2021.
             Slain by a hobgoblin (4 damage)
             ... on level 1 of the Dungeon.
             The game lasted 00:01:08 (247 turns).

Sobieck the Sneak (Vine Stalker Brigand)             Turns: 247, Time: 00:01:09

Health: -2/15      AC:  3    Str: 13    XL:     2   Next: 0%
Magic:  0/3        EV: 11    Int: 11    God:
Gold:   6          SH:  0    Dex: 15    Spells: 1/1 levels left

rFire    . . .     SeeInvis .   a - +2 dagger {short}
rCold    + . .     Faith    .   (no shield)
rNeg     . . .     Spirit   +   b - +0 robe
rPois    .         Reflect  .   (no helmet)
rElec    .         Harm     .   c - +0 cloak
rCorr    .         Rampage  .   (no gloves)
Will     .....                  (no boots)
Stlth    +++.......             (no amulet)
HPRegen  0.05/turn              f - ring of protection from cold
MPRegen  0.08/turn              (no ring)

@: no status effects
A: fangs 2, magic shield, antimagic bite, no potion heal 2
a: no special abilities


You were on level 1 of the Dungeon.
You visited 1 branch of the dungeon, and saw 1 of its levels.

You collected 6 gold pieces.


Innate Abilities, Weirdness & Mutations

You have extremely sharp teeth.
When hurt, damage is shared between your health and your magic reserves.
Your bite disrupts and absorbs the magic of your enemies.
Potions cannot restore your health.


   Skills:
 + Level 1.8 Fighting
 - Level 1.7 Short Blades
 - Level 1.7 Throwing
 + Level 0.1 Armour
 + Level 0.9 Dodging
 + Level 4.9 Stealth
 * Level 0.7 Unarmed Combat


You had one spell level left.
You didn't know any spells.
Your spell library was empty.

Inventory:

Hand Weapons
 a - a +2 dagger (weapon) {short}
Missiles
 d - 8 poisoned darts (quivered) {throwing}
 e - 2 curare-tipped darts {=fthrowing}
Armour
 b - a +0 robe (worn)
 c - a +0 cloak (worn)
Jewellery
 f - a ring of protection from cold (left hand)
   (You found it on level 1 of the Dungeon)
Scrolls
 g - a scroll of summoning {unknown}

Dungeon Overview and Level Annotations

Branches:
Dungeon (1/15)

Altars:

#...# .# #...# #.#.#
#...#.#.#.#
##################...#.#.#.#
.......................#.#.#
#########..†.#######.###.#.#
#..'....'...........#.#
#.##.[..######..†.?[..#
#.#####....@g.........# #.#
#.#############.# #.# #.#
......J.. ######.# #.#
.........# .......#####'####
...........
########........#
##.........#.. #........#
#..........####
#........###..........#
#..........#...r....


You could see a hobgoblin.


Message History

A rat comes into view.
The goblin closely misses you.
You barely miss the goblin. Your bite misses the goblin.
The goblin hits you with a +0 club. 😮 HP[-3]
You take 3 damage, and now have 8/11 hp.
MASSIVE DAMAGE!! (PAUSE)
The goblin hits you but does no damage.
You hit the goblin. You bite the goblin.
You kill the goblin!
The rat closely misses you.
You see here a +0 club {mace}.
You hit the rat. The rat barely misses you.
You hit the rat. The rat closely misses you.
You hit the rat.
You kill the rat!
You start resting. 😎 HP[+3]
Your hp is fully restored (11).
You open the door.
A ball python comes into view.
There is an open door here.
A rat comes into view.
The helpless ball python fails to defend itself.
You impale the ball python!!
You kill the ball python!
You now have 6 gold pieces.
As you open the door, it creaks loudly!
There is an open door here.
g - a scroll labelled TAOTIN DUPS No target in view!
You open the door.
There is an open door here.
A ball python comes into view.
The helpless ball python fails to defend itself.
You impale the ball python!!
You kill the ball python!
You see here a ball python corpse.
A kobold comes into view. It is wielding a +0 whip.
You see here a scroll labelled NEAQOCS DANES.
An endoplasm comes into view.
The kobold shouts!
You hear a shout!
You hit the kobold.
A hobgoblin comes into view.
The kobold misses you.
You closely miss the kobold. Your bite misses the kobold.
The kobold misses you.
You closely miss the kobold. You closely miss the kobold.
You bite the kobold, but do no damage.
The kobold hits you with a +0 whip. 😕 HP[-1] MP[-1]
You take 1 damage, and now have 10/11 hp.
You lost 1 mp, and now have 1/2 mp.
Unknown command.
You barely miss the kobold. Your bite misses the kobold.
The kobold hits you but does no damage.
You barely miss the kobold. The kobold closely misses you. 😎 HP[+1]
Your hp is fully restored (11).
You hit the kobold but do no damage. Your bite misses the kobold.
The kobold hits you with a +0 whip. 😮 HP[-5]
You take 5 damage, and now have 6/11 hp.
MASSIVE DAMAGE!! (PAUSE)
You hit the kobold. The kobold hits you with a +0 whip.
* * * LOW HITPOINT WARNING * * *
😨 HP[-2] MP[+1]
You take 2 damage, and now have 4/11 hp.
Your mp is fully restored (2).
You hit the kobold.
You kill the kobold!
Unknown command.
You barely miss the rat. The rat bites you but does no damage.
You hit the rat but do no damage. The rat closely misses you.
You barely miss the rat. Your bite misses the rat. The rat barely misses you.
You hit the rat.
You kill the rat!
You barely miss the endoplasm. The endoplasm hits you.
* * * LOW HITPOINT WARNING * * *
😱 HP[-2] MP[-1]
You take 2 damage, and now have 2/11 hp.
You lost 1 mp, and now have 1/2 mp.
You hit the endoplasm. Your bite misses the endoplasm.
The endoplasm closely misses you.
Unknown command.
You hit the endoplasm but do no damage.
The endoplasm hits you but does no damage.
You hit the endoplasm.
You kill the endoplasm!
You have reached level 2! 😱 HP[+1]
You now have 15 max hp (+4).
You hit the hobgoblin but do no damage. The hobgoblin hits you.
* * * LOW HITPOINT WARNING * * *
😱 HP[-1] MP[-1]
You take 1 damage, and now have 2/15 hp.
You lost 1 mp, and now have 0/3 mp.
Unknown command.
You barely miss the hobgoblin. The hobgoblin hits you.
You die...

Action                   || total
-------------------------++-------
Melee: Dagger            ||    26
       Bite              ||     2
 Stab: Sleeping          ||     2
Armor: Robe              ||     4
Dodge: Dodged            ||    10

Levels and vault maps discovered:
D:1:      saegor_arrival_simple_a, layout_basic, minmay_tetromino_s4

Notes
Turn   | Place    | Note
-------+----------+-------------------------------------------
     0 | D:1      | Sobieck the Vine Stalker Brigand began the quest for the
                  | Orb.
     0 | D:1      | Reached XP level 1. HP: 11/11 MP: 2/2
     0 | D:1      | magus.rc [v1.9.6]
   242 | D:1      | HP: 2/11 [endoplasm (2)]
   246 | D:1      | Reached XP level 2. HP: 3/15 MP: 1/3
   247 | D:1      | Slain by a hobgoblin

Vanquished Creatures
  An endoplasm (D:1)
  A goblin (D:1)
  A kobold (D:1)
  2 ball pythons (D:1)
  2 rats (D:1)
7 creatures vanquished.

Table legend:
 A = Non-vault XP
 B = Vault XP
 C = Vault XP percentage of total XP
 D = Non-vault monster count
 E = Vault monster count
 F = Vault count percentage of total count
                 A         B        C        D         E       F
            +---------+---------+-------+---------+---------+-------
      Total |      10 |       0 |   0.0 |       7 |       0 |   0.0
            +---------+---------+-------+---------+---------+-------
        D:1 |      10 |       0 |   0.0 |       7 |       0 |   0.0
            +---------+---------+-------+---------+---------+-------

Illustrated notes

Table legend:
 A = Kills in this place as a percentage of kills in entire the game.
 B = Kills by you in this place as a percentage of kills by you in the entire game.
 C = Kills by friends in this place as a percentage of kills by friends in the entire game.
 D = Other kills in this place as a percentage of other kills in the entire game.
 E = Experience gained in this place as a percentage of experience gained in the entire game.
 F = Experience gained in this place divided by the number of levels of this place that you have seen.
                   A       B       C       D       E      F
               +-------+-------+-------+-------+-------+----------------------
         Total | 100.0 | 100.0 |   N/A |   N/A | 100.0 |  10.0
       Dungeon | 100.0 | 100.0 |   N/A |   N/A | 100.0 |  10.0
               +-------+-------+-------+-------+-------+----------------------

Table legend: (Time is in decaauts)
 A = Elapsed time spent in this place.
 B = Non-inter-level travel time spent in this place.
 C = Inter-level travel time spent in this place.
 D = Time resting spent in this place.
 E = Time spent auto-exploring this place.
 F = Levels seen in this place.
 G = Mean time per level.
                   A        B        C        D        E       F      G
               +--------+--------+--------+--------+--------+-----+--------+
         Total |    244 |    244 |      0 |     69 |    115 |   1 |  244.0 |
       Dungeon |    244 |    244 |      0 |     69 |    115 |   1 |  244.0 |
               +--------+--------+--------+--------+--------+-----+--------+

Top non-repeatable levels by time:
     D:1: 244 daAuts
